 Dungeon Crawl Stone Soup version 0.29-a0-397-g846e4a0bbc (webtiles) character file.

Game seed: 8822766090696466137

8772 quinnr the Stormcaller (level 11, -3/63 HPs)
             Began as a Tengu Air Elementalist on May 11, 2022.
             Was a Believer of Vehumet.
             Slain by a centaur warrior (10 damage)
             ... on level 9 of the Dungeon.
             The game lasted 00:28:28 (13064 turns).

quinnr the Stormcaller (Tengu Air Elementalist)    Turns: 13064, Time: 00:28:29

Health: -3/63      AC:  7    Str:  9    XL:     11   Next: 36%
Magic:  5/19       EV: 19    Int: 25    God:    Vehumet [**....]
Gold:   271        SH:  0    Dex: 15    Spells: 13/20 levels left

rFire   . . .      SeeInvis .   p - +4 short sword (drain)
rCold   . . .      Faith    .   (no shield)
rNeg    . . .      Spirit   .   F - +1 steam dragon scales
rPois   .          Reflect  .   (helmet restricted)
rElec   .          Harm     .   (no cloak)
rCorr   .          Rampage  .   x - +0 pair of gloves
Will    .....                   (boots unavailable)
Stlth   +++.......              c - amulet of regeneration
HPRegen 1.00/turn               B - +6 ring of intelligence
MPRegen 0.16/turn               (no ring)

@: flying quickly and evasively, quick
A: beak, talons 3, nimble flight
a: Renounce Religion


You were on level 9 of the Dungeon.
You worshipped Vehumet.
Vehumet was pleased with you.
You visited 2 branches of the dungeon, and saw 10 of its levels.
You also visited: Sewer and Ossuary.

You collected 546 gold pieces.
You spent 275 gold pieces at shops.

Inventory:

Hand Weapons
 f - a +1 flail of protection
 p - a +4 short sword of draining (weapon)
 E - the +1 dagger of Ointment {antimagic, Fragile +Blink rN++ SInv}
   (You found it on level 7 of the Dungeon)

   It reduces the magical energy of the wielder, and disrupts the spells and
   magical abilities of those it strikes.
   Natural abilities and divine invocations are not affected.
   rN:        It greatly protects you from negative energy.
   SInv:      It lets you see invisible.
   +Blink:    It lets you blink.
   Fragile:   It will be destroyed if unequipped.
Missiles
 v - a throwing net
Armour
 a - a +0 robe
 x - a +0 pair of gloves (worn)
 z - a +0 troll leather armour {Pargi}
 F - +1 steam dragon scales (worn)
 H - a +2 robe of cold resistance
Jewellery
 c - an amulet of regeneration (around neck)
 B - a +6 ring of intelligence (left hand)
Wands
 l - a wand of digging (3)
 n - a wand of iceblast (17)
 t - a wand of mindburst (1)
 M - a wand of polymorph (18)
Scrolls
 d - 7 scrolls of teleportation
 e - 3 scrolls of immolation
 j - 2 scrolls of blinking
 q - 2 scrolls of amnesia
 y - 2 scrolls of fog
 A - a scroll of silence {unknown}
 I - a scroll of enchant weapon {unknown}
 K - 4 scrolls of noise
 L - a scroll of vulnerability
 N - a scroll of torment {unknown}
Potions
 b - a potion of magic
 g - 7 potions of might {unknown}
 h - 4 potions of berserk rage
 i - 2 potions of haste
 k - 2 potions of invisibility
 m - 7 potions of degeneration
 o - 4 potions of curing
 u - 3 potions of attraction
 w - 5 potions of flight
 C - 3 potions of heal wounds
 D - 3 potions of brilliance
 G - 2 potions of lignification
 J - 2 potions of mutation


   Skills:
 - Level 5.0 Fighting
 - Level 3.0 Armour
 + Level 8.9 Dodging
 - Level 6.0 Stealth
 - Level 5.0 Spellcasting
 - Level 3.0 Conjurations
 + Level 15.2 Air Magic
 - Level 4.0 Evocations


You had 13 spell levels left.
You knew the following spells:

 Your Spells              Type           Power      Damage    Failure   Level
a - Shock                 Conj/Air       100%       1d9       1%          1
b - Airstrike             Air            35%        N/A       1%          4
c - Static Discharge      Conj/Air       51%        N/A       1%          2

Your spell library contained the following spells:

 Spells                   Type           Power      Damage    Failure   Level
 Magic Dart               Conj           84%        1d7       2%          1
 Swiftness                Air            70%        N/A       1%          3
 Animate Skeleton         Necr           12%        N/A       9%          1
 Pain                     Necr           24%        1d5       9%          1
 Vampiric Draining        Necr           6%         2d6       24%         3
 Animate Armour           Summ/Erth      12%        N/A       63%         4
 Animate Dead             Necr           3%         N/A       63%         4
 Blade Hands              Tmut           3%         N/A       92%         5
 Borgnjor's Vile Clutch   Necr/Erth      3%         N/A       92%         5
 Death Channel            Necr           3%         N/A       100%        6
 Iron Shot                Conj/Erth      6%         9d2       100%        6


Dungeon Overview and Level Annotations

Branches:
Dungeon (9/15)             Temple (1/1) D:6            Lair (0/6) D:8
  Sewer (visited)         Ossuary (visited)
    Orc: D:9-12

Altars:
Ashenzari
Cheibriados
Dithmenos
Elyvilon
Fedhas
Hepliaklqana
Kikubaaqudgha
Makhleb
Nemelex Xobeh
Okawaru
Qazlal
Ru
Sif Muna
Trog
Uskayaw
Vehumet
Xom
Zin
The Shining One
Jiyva

Shops:
D:2 (   D:7 !

Annotations:
D:8 3 runed translucent doors, NateTC's ghost, novice DsFi


Innate Abilities, Weirdness & Mutations

You have a beak for a mouth.
You have claws for feet.
Your magical nature lets you fly swiftly and evasively.


Message History

The centaur warrior hits you! The centaur warrior barely misses you.
Things that are here:
a +0 giant club; a +0 giant club; a two-headed ogre corpse Unknown command.
Casting: Shock (safe; 1% risk of failure)
Confirm with . or Enter, or press ? or * to list all spells.
The centaur warrior is struck by an arc of lightning.
The centaur warrior is moderately wounded.
You are struck by an arc of lightning.
The centaur warrior is struck by an arc of lightning.
The centaur warrior is heavily wounded.
The lightning grounds out.
The centaur warrior hits you.
The centaur warrior kicks you but does no damage.
The centaur warrior misses you. The centaur warrior kicks you.
* * * LOW HITPOINT WARNING * * *
Unknown command.
Casting: Static Discharge (safe; 1% risk of failure)
Confirm with . or Enter, or press ? or * to list all spells.
The centaur warrior is struck by an arc of lightning!
The centaur warrior is severely wounded.
You are struck by an arc of lightning.
* * * LOW HITPOINT WARNING * * *
The centaur warrior is struck by an arc of lightning.
The centaur warrior is severely wounded.
The lightning grounds out.
The centaur warrior hits you.
* * * LOW HITPOINT WARNING * * *
The centaur warrior completely misses you.
Unknown command.
Unknown command.
Casting: Static Discharge (safe; 1% risk of failure)
Confirm with . or Enter, or press ? or * to list all spells.
Aiming: Airstrike (safe; 1% risk of failure)
Press: ? - help, Dir - move target, f - centaur warrior
Aim: a centaur warrior (severely wounded, empty space bonus: 2/8)
The air twists around and strikes the centaur warrior!
The centaur warrior is almost dead.
The centaur warrior misses you. The centaur warrior kicks you.
* * * LOW HITPOINT WARNING * * *
The centaur warrior hits you!
You die...

.8......# ....... #.....
#...####### ### ######
##...#.....#♣♣.♣♣ ♣...O♣♣
#
#....#.♣♣♣)♣♣.♣.♣♣♣..♣♣.♣
#.##......♣
♣...♣♣♣.♣...♣♣..
##.......#.♣♣♣.♣♣♣
♣♣.♣♣♣♣.♣♣
#........#..@c)# ♣♣♣...♣♣
#........####### ♣O♣##
##....#..# ♣.♣
##.....#(.# .♣.
.##.........# O# #h
............# .. ..
...........## .. .h
.......<#### ... c..
.........# .## ##


You could see a centaur warrior.

Vanquished Creatures
  A boulder beetle (D:6)
  A two-headed ogre (D:9)
  Pikel (D:6)
  An oklob plant (D:7)
  An elephant (D:7)
  A gargoyle (D:7)
  Joseph (D:8)
  Psyche (D:7)
  Maggie (D:8)
  Grinder (D:3)
  A hornet (D:5)
  Prince Ribbit (D:8)
  A wraith (D:9)
  A wyvern (D:8)
  A yak (D:8)
  2 vampire mosquitoes (D:7)
  4 steam dragons
  Edmund (D:3)
  2 water moccasins
  Duvessa (D:6)
  Pargi (Sewer)
  4 black bears
  3 ogres
  A phantom (D:5)
  A centaur (D:7)
  A lemure (D:6)
  Blork the orc (D:6)
  3 bullfrogs
  A necrophage (D:5)
  5 scorpions
  Dowan (D:6)
  5 killer bees (D:8)
  A howler monkey (D:9)
  A centaur zombie (Ossuary)
  A human zombie (Ossuary)
  A hound (D:4)
  3 jellies
  4 gnoll shamans
  9 orc priests
  2 iguanas (D:4)
  Ijyb (D:3)
  9 orc wizards
  Terence (D:2)
  4 mummies (Ossuary)
  16 gnolls
  5 adders
  2 river rats (D:5)
  A shadow imp (D:7)
  2 white imps
  2 worms
  2 dart slugs
  35 orcs
  10 bats
  7 endoplasms
  5 giant cockroaches
  2 gnoll zombies (Ossuary)
  6 goblins
  5 hobgoblins
  10 jackals
  5 quokkas
  4 ball pythons
  5 frilled lizards
  2 goblin zombies (Ossuary)
  A hobgoblin zombie (Ossuary)
  4 kobolds (D:1)
  A kobold zombie (Ossuary)
  7 rats
228 creatures vanquished.

Vanquished Creatures (others)
  30 plants
  21 toadstools (D:7)
51 creatures vanquished.

Grand Total: 279 creatures vanquished

Notes
Turn   | Place    | Note
-------+----------+-------------------------------------------
     0 | D:1      | quinnr the Tengu Air Elementalist began the quest for the
                  | Orb.
     0 | D:1      | Reached XP level 1. HP: 10/10 MP: 4/4
   250 | D:1      | Reached XP level 2. HP: 15/15 MP: 3/6
   392 | D:1      | Reached skill level 5 in Air Magic
   653 | D:1      | Reached XP level 3. HP: 19/19 MP: 4/7
   881 | D:1      | Found a faded altar of an unknown god.
  1091 | D:2      | Found Obostah's Weapon Shoppe.
  1411 | D:2      | Reached skill level 6 in Air Magic
  1759 | D:2      | Noticed Terence
  2348 | D:2      | Killed Terence
  2349 | D:2      | Reached XP level 4. HP: 23/24 MP: 0/8
  2964 | D:3      | Reached skill level 1 in Fighting
  2964 | D:3      | Gained mutation: Your magical nature lets you fly swiftly
                  | and evasively. [Tengu growth]
  2964 | D:3      | Reached XP level 5. HP: 29/29 MP: 4/9
  3030 | D:3      | Reached skill level 7 in Air Magic
  3116 | D:3      | Found a broken altar of Ashenzari.
  3230 | D:3      | Noticed Grinder
  3231 | D:3      | Paralysed by Grinder for 2 turns
  3396 | D:2      | Learned a level 4 spell: Airstrike
  3399 | D:2      | Learned a level 2 spell: Static Discharge
  3640 | D:3      | Paralysed by Grinder for 3 turns
  3644 | D:3      | Killed Grinder
  3645 | D:3      | Reached skill level 8 in Air Magic
  3645 | D:3      | Reached XP level 6. HP: 34/34 MP: 0/11
  3784 | D:3      | Found a stormy altar of Qazlal.
  3889 | D:3      | Noticed Ijyb
  3895 | D:3      | Killed Ijyb
  3896 | D:3      | Reached skill level 9 in Air Magic
  3896 | D:3      | Reached XP level 7. HP: 38/38 MP: 5/12
  4109 | D:4      | Noticed Edmund
  4133 | D:3      | Killed Edmund
  4134 | D:3      | Reached skill level 10 in Air Magic
  4380 | D:4      | Found a shimmering altar of Xom.
  4995 | D:5      | Entered Level 5 of the Dungeon
  5094 | D:5      | Reached skill level 11 in Air Magic
  5226 | D:5      | Noticed a hornet
  5247 | D:5      | Reached XP level 8. HP: 43/43 MP: 3/13
  5340 | D:5      | Reached skill level 12 in Air Magic
  5454 | D:5      | Found a glowing drain.
  5458 | Sewer    | Entered a sewer
  5600 | Sewer    | Noticed Pargi
  5610 | Sewer    | Killed Pargi
  5787 | D:5      | Reached skill level 13 in Air Magic
  6009 | D:5      | Killed a hornet
  6129 | D:5      | Reached skill level 14 in Air Magic
  6217 | D:5      | Reached XP level 9. HP: 47/47 MP: 6/14
  6419 | D:5      | Found a burning altar of Makhleb.
  6419 | D:5      | Found a glowing silver altar of Zin.
  6420 | D:5      | Noticed an angel
  6420 | D:5      | Noticed a balrug
  6642 | D:6      | Noticed Blork the orc
  6647 | D:6      | Killed Blork the orc
  6829 | D:6      | Noticed a boulder beetle
  6995 | D:6      | Found a staircase to the Ecumenical Temple.
  7005 | Temple   | Entered the Ecumenical Temple
  7061 | Temple   | Became a worshipper of Vehumet
  7121 | D:6      | Noticed Duvessa
  7121 | D:6      | Noticed Dowan
  7153 | D:6      | Killed Dowan
  7163 | D:6      | Killed Duvessa
  7440 | D:6      | Killed a boulder beetle
  7874 | D:6      | Noticed Pikel
  7906 | D:6      | Killed Pikel
  7907 | D:6      | Reached XP level 10. HP: 54/56 MP: 11/17
  8253 | D:6      | Reached skill level 5 in Stealth
  8387 | D:7      | Noticed a gargoyle
  8401 | D:7      | Killed a gargoyle
  8601 | D:7      | Reached skill level 5 in Dodging
  8761 | D:7      | Found a sparkling altar of Nemelex Xobeh.
  8826 | D:7      | Identified the +1 dagger of Ointment {antimagic, Fragile
                  | +Blink rN++ SInv}
  8847 | D:7      | Reached skill level 1 in Evocations
  9143 | D:7      | Reached skill level 5 in Spellcasting
  9331 | D:7      | Found a white marble altar of Elyvilon.
  9344 | D:7      | Reached skill level 1 in Armour
  9365 | D:7      | Found a snail-covered altar of Cheibriados.
  9420 | D:7      | Found a hide-covered altar of Uskayaw.
  9484 | D:7      | Found Agan's Distillery.
  9490 | D:7      | Bought a potion of heal wounds for 55 gold pieces
  9490 | D:7      | Bought a potion of heal wounds for 55 gold pieces
  9490 | D:7      | Bought a potion of invisibility for 88 gold pieces
  9490 | D:7      | Bought a potion of brilliance for 44 gold pieces
  9490 | D:7      | Bought a potion of lignification for 33 gold pieces
  9649 | D:7      | Found a blossoming altar of Fedhas.
  9661 | D:7      | Noticed an oklob plant
 10126 | D:7      | Killed an oklob plant
 10308 | D:8      | Noticed Psyche
 10311 | D:8      | Noticed Prince Ribbit
 10352 | D:8      | Reached * piety under Vehumet
 10352 | D:8      | Offered knowledge of Foxfire by Vehumet.
 10472 | D:8      | Found a staircase to the Lair.
 10473 | D:8      | Noticed an elephant
 10578 | D:7      | Killed Psyche
 10579 | D:7      | Reached skill level 5 in Fighting
 10603 | D:7      | Killed an elephant
 10724 | D:8      | Found a sand-covered staircase.
 10733 | Ossuary  | Entered an ossuary
 11403 | D:8      | Killed Prince Ribbit
 11404 | D:8      | Reached XP level 11. HP: 63/63 MP: 6/19
 11690 | D:8      | Offered knowledge of Magic Dart by Vehumet.
 11762 | D:8      | Noticed Maggie
 11768 | D:8      | Killed Maggie
 11886 | D:8      | Reached ** piety under Vehumet
 11967 | D:8      | Found a runed translucent gate.
 12059 | D:8      | Noticed Joseph
 12072 | D:8      | Killed Joseph
 12535 | D:8      | Found a runed translucent gate.
 12535 | D:8      | Found a runed translucent gate.
 12536 | D:8      | Noticed NateTC's ghost (novice DsFi)
 12537 | D:8      | Noticed an 11-headed hydra
 12537 | D:8      | Noticed a nine-headed hydra
 12954 | D:9      | Reached skill level 15 in Air Magic
 13031 | D:9      | Noticed a two-headed ogre
 13031 | D:9      | Noticed a centaur warrior
 13060 | D:9      | Killed a two-headed ogre
 13064 | D:9      | Slain by a centaur warrior

Illustrated notes

Levels and vault maps discovered:
D:1:      evilmike_arrival_crescent, layout_rooms,
          nicolae_ecumenical_lake_church, minmay_pentomino_u2
D:2:      layout_basic, serial_shops, shop, uniq_terence
D:3:      layout_basic, ashenzari_altar_1, lemuel_round_altar, uniq_grinder,
          uniq_ijyb
D:4:      layout_cave_pools, mainiacjoe_overflow_alcove_1,
          hangedman_abyss_or_decor_passed, palyth_stone_intersect, uniq_edmund
D:5:      layout_cave_pools, grunt_temple_overflow_order_and_chaos_2,
          gup_sewer_entry_spiral
D:6:      layout_basic, minmay_temple_entry_overgrown, minmay_misc_feat_iff,
          uniq_duvessa, uniq_blork_the_orc, uniq_pikel
D:7:      layout_loops_ring, kennysheep_little_box, tgw_fedhas,
          mainiacjoe_overflow_alcove_2, mainiacjoe_overflow_two_lobes,
          serial_shops, shop
D:8:      layout_cave_pools, david_lair_generic, gammafunk_ghost_hydra_chop,
          nicolae_ossuary_entry_false_entrances, minmay_puff, uniq_joseph,
          uniq_maggie, uniq_prince_ribbit1, uniq_psyche
D:9:      nzn_winding_woodlands_large [nzn_winding_woodlands_5x5_default,
          nzn_winding_woodlands_5x15_pool, nzn_winding_woodlands_5x5_cross,
          nzn_winding_woodlands_center_lodge,
          nzn_winding_woodlands_15x15_five_gardens,
          nzn_winding_woodlands_center_garden,
          nzn_winding_woodlands_5x5_perimeter,
          nzn_winding_woodlands_5x15_crooked,
          nzn_winding_woodlands_5x5_open_star], layout_cave_pools, serial_shops,
          shop, shop_coins, serial_column_ruins, column_ruins_hut,
          column_ruins_open_medium, column_ruins_corridor_corner,
          column_ruins_open_tiny, column_ruins_open_tiny_water,
          minmay_misc_feat_chi, kennysheep_generic_room_7, uniq_amaemon
Temple:   pf_slimified_temple

Skill      XL: |  1  2  3  4  5  6  7  8  9 10 11 |
---------------+----------------------------------+-----
Air Magic      | 5 6 8 9 11 14 15 | 15.2
Fighting       | 1 3 5 |  5.0
Spellcasting   | 3 4 5 |  5.0
Conjurations   | 3 |  3.0
Dodging        | 4 6 8 |  8.9
Stealth        | 4 6 |  6.0
Evocations     | 4 |  4.0
Armour         | 3 |  3.0

Action                   |  1- 3 |  4- 6 |  7- 9 | 10-12 || total
-------------------------+-------+-------+-------+-------++-------
Melee: Unarmed           |     3 |       |       |    12 ||    15
       Short sword       |       |    13 |    44 |    18 ||    75
       Kick              |       |     4 |    13 |     5 ||    22
       Peck              |       |     1 |    13 |     5 ||    19
       Punch             |       |     1 |     1 |     1 ||     3
 Cast: Shock             |    98 |    65 |   146 |   210 ||   519
       Static Discharge  |       |     3 |    13 |    31 ||    47
       Airstrike         |       |     2 |    27 |    48 ||    77
Evoke: Wand              |       |     2 |     5 |     9 ||    16
  Use: Scroll            |       |       |     9 |     4 ||    13
 Stab: Sleeping          |       |       |     1 |       ||     1
Armor: Robe              |     5 |     3 |     3 |       ||    11
       Troll leather arm |       |       |     3 |     2 ||     5
       Steam dragon scal |       |       |       |    29 ||    29
       Skin              |       |       |       |     1 ||     1
Dodge: Dodged            |    12 |    22 |    68 |   127 ||   229

Table legend: (Time is in decaauts)
 A = Elapsed time spent in this place.
 B = Non-inter-level travel time spent in this place.
 C = Inter-level travel time spent in this place.
 D = Time resting spent in this place.
 E = Time spent auto-exploring this place.
 F = Levels seen in this place.
 G = Mean time per level.
                   A        B        C        D        E       F      G
               +--------+--------+--------+--------+--------+-----+--------+
         Total |  12632 |  12231 |    401 |   2365 |   7721 |  12 | 1052.7 |
       Dungeon |  11760 |  11375 |    385 |   2148 |   7277 |   9 | 1306.7 |
        Temple |     67 |     51 |     16 |      0 |     26 |   1 |   67.0 |
         Sewer |    218 |    218 |      0 |      2 |    171 |   1 |  218.0 |
       Ossuary |    585 |    585 |      0 |    214 |    246 |   1 |  585.0 |
               +--------+--------+--------+--------+--------+-----+--------+

Top non-repeatable levels by time:
     D:7: 2336 daAuts
     D:3: 1604 daAuts
     D:2: 1576 daAuts
     D:6: 1551 daAuts
     D:5: 1398 daAuts
     D:8: 1318 daAuts
     D:1: 1092 daAuts
     D:4: 682 daAuts
 Ossuary: 585 daAuts
   Sewer: 218 daAuts
     D:9: 201 daAuts
  Temple: 67 daAuts
